 Dungeon Crawl Stone Soup version 0.31.0-12-g77e489cdc1 (webtiles) character file.

Game seed: 3197725416480186175

231 spaghetti the Magician (level 6, -1/58 (59) HPs)
             Began as an Oni Fire Elementalist on Mar 2, 2024.
             Slain by a vampire bat (2 damage)
             ... on level 3 of the Dungeon.
             The game lasted 00:05:35 (3191 turns).

spaghetti the Magician (Oni Fire Elementalist)      Turns: 3191, Time: 00:05:37

HP:   -1/58 (59)    AC:  3    Str: 13    XL:     6   Next: 4%
MP:   3/12          EV:  9    Int: 18    God:
Gold: 63            SH:  0    Dex:  9    Spells: 8/14 levels left

rFire   . . .        o - +2 club
rCold   . . .        (no shield)
rNeg    . . .        a - +0 robe
rPois   .            (helmet restricted)
rElec   .            (no cloak)
rCorr   .            (gloves unavailable)
SInv    .            (boots unavailable)
Will    +....        (no amulet)
Stlth   +            (no ring)
HPRegen 0.29/turn    (no ring)
MPRegen 0.13/turn

%: no passive effects
@: enlightened, flying, lightly drained
A: large, unfitting armour, horns 1, tough skin 1, double potion healing,
drunken brawling
a: no special abilities


You were on level 3 of the Dungeon.
You visited 1 branch of the dungeon, and saw 3 of its levels.

You collected 91 gold pieces.
You spent 28 gold pieces at shops.

Inventory:

Hand Weapons
 o - a +2 club (weapon)
Armour
 a - a +0 robe (worn)
Wands
 n - a wand of iceblast (9)
Scrolls
 c - 3 scrolls of identify
 f - a scroll of noise
 g - 2 scrolls of immolation {unknown}
 i - a scroll of poison {unknown}
 l - 2 scrolls of teleportation {unknown}
 p - a scroll of amnesia {unknown}
Potions
 b - a potion of magic
 j - a potion of might {unknown}
 k - a potion of curing {unknown}
 m - a potion of ambrosia {unknown}


   Skills:
 + Level 2.4 Fighting
 + Level 1.5 Maces & Flails
 - Level 1.7 Dodging
 - Level 1.4 Stealth
 + Level 4.5 Spellcasting
 - Level 0.8 Conjurations
 + Level 4.1 Fire Magic


You had 8 spell levels left.
You knew the following spells:

 Your Spells              Type           Power      Damage    Failure   Level
a - Foxfire               Conj/Fire      52%        2x1d6     4%          1
b - Scorch                Fire           38%        2d6       3%          2
c - Inner Flame           Hex/Fire       11%        N/A       19%         3

Your spell library contained the following spells:

 Spells                   Type           Power      Damage    Failure   Level
 Volatile Blastmotes      Fire/Tloc      22%        2d11      19%         3
 Stone Arrow              Conj/Erth      10%        3d7       34%         3
 Flame Wave               Conj/Fire      13%        2d6       45%         4
 Animate Armour           Summ/Erth      8%         N/A       80%         4
 Summon Cactus Giant      Summ           2%         N/A       100%        6
 Lehudib's Crystal Spear  Conj/Erth      2%         10d2      100%        8


Dungeon Overview and Level Annotations

Branches:
Dungeon (3/15)

Altars:

Shops:
D:2 [*?(


Innate Abilities, Weirdness & Mutations

You are too large for most types of armour.
You have a pair of small horns on your head.
You have tough skin. (AC +1)
You gain doubled healing and magic from potions.
Whenever you drink a healing potion, you attack all around you.


Message History

The ghost-faced bat hits you but does no damage.
As you read the scroll labelled PIGUIN YHYLOBI, it crumbles to dust.
Your body is wracked with pain!
* * * LOW HITPOINT WARNING * * *
The fire bat convulses! x2; It was a scroll of torment.
The ghost-faced bat closely misses you. The skeletal bat barely misses you.
The ghost-faced bat hits you but does no damage.
The vampire bat bites you.
* * * LOW HITPOINT WARNING * * *
The vampire bat draws strength from your injuries!
The skeletal bat hits you.
* * * LOW HITPOINT WARNING * * *
The ghost-faced bat hits you.
* * * LOW HITPOINT WARNING * * *
The skeletal bat misses you.
As you read the scroll labelled NUCANUD NAIST, it crumbles to dust.
You hear a loud clanging noise!
It was a scroll of noise.
The ghost-faced bat hits you.
* * * LOW HITPOINT WARNING * * *
You feel drained.
The skeletal bat hits you but does no damage.
The vampire bat bites you but does no damage.
The ghost-faced bat barely misses you. The skeletal bat barely misses you.
The ghost-faced bat hits you but does no damage.
The vampire bat barely misses you.
Unknown command.
Okay, then.
It was a potion of enlightenment.
You feel very buoyant.
You fly up into the air.
The skeletal bat hits you but does no damage.
The vampire bat bites you.
* * * LOW HITPOINT WARNING * * *
The vampire bat draws strength from your injuries!
The ghost-faced bat closely misses you.
An ice bat comes into view.
The skeletal bat hits you.
* * * LOW HITPOINT WARNING * * *
The vampire bat bites you.
You die...

###.#...# ## #. #.##.#.##
.## #. #.#.#### ...
######. #####..### .Z.
#.....[ #..##....### #.#
#.####. #.#...###..##Z#
#.# #. #†##### ##bZb# #.#
#. #.# ###Z## ### #.# #.
#.# #.b@# ##.# ###.#####
#.## #...Z## #..#
#........ #..# #....# #..#
#.#.##### ##.#..#..#
#..###.#.# # #[## ###
#.....(#.##### #..###
######.####........ ##.#.#
##......####...###..
#...###...#..............#
###.##.#.#..######..######


You could see 2 ghost-faced bats, 2 fire bats, an ice bat, a vampire bat, a
rotten bat and a skeletal bat.

Vanquished Creatures
  A bombardier beetle (D:3)
  Jessica (D:2)
  Ijyb (D:3)
  3 adders
  A fire bat (D:3)
  A ribbon worm (D:2)
  An orc (D:3)
  6 ball pythons
  2 bat skeletons (D:3)
  4 endoplasms
  3 giant cockroaches
  4 goblins
  3 hobgoblins
  9 kobolds
  3 quokkas (D:1)
  12 bats
  6 frilled lizards
  3 rats
64 creatures vanquished.

Vanquished Creatures (others)
  213 foxfires
213 creatures vanquished.

Grand Total: 277 creatures vanquished

Notes
Turn   | Place    | Note
-------+----------+-------------------------------------------
     0 | D:1      | spaghetti the Oni Fire Elementalist began the quest for the
                  | Orb.
     0 | D:1      | Reached XP level 1. HP: 16/16 MP: 3/3
   329 | D:1      | Reached XP level 2. HP: 24/24 MP: 1/5
   958 | D:2      | Found Yryno Yjoaz's Magic Scroll Shop.
  1050 | D:2      | Reached XP level 3. HP: 31/31 MP: 0/7
  1053 | D:2      | Learned a level 2 spell: Scorch
  1057 | D:2      | Learned a level 3 spell: Inner Flame
  1243 | D:2      | Found Tuonetush's General Store.
  1361 | D:2      | Found Uponaev's Antique Armour Shoppe.
  1699 | D:2      | Found Wusaadai's Antique Weapon Boutique.
  1816 | D:2      | Noticed Jessica
  1821 | D:2      | Killed Jessica
  1822 | D:2      | Reached XP level 4. HP: 39/39 MP: 4/9
  1911 | D:2      | Bought a scroll of identify for 28 gold pieces
  2486 | D:3      | Noticed Ijyb
  2518 | D:3      | Killed Ijyb
  2519 | D:3      | Reached skill level 1 in Fighting
  2641 | D:3      | Reached XP level 5. HP: 48/48 MP: 7/11
  2726 | D:3      | Found a faded altar of an unknown god.
  2733 | D:3      | Reached skill level 1 in Maces & Flails
  3094 | D:3      | Reached XP level 6. HP: 58/58 MP: 8/12
  3191 | D:3      | HP: 2/58 [vampire bat (2)]
  3191 | D:3      | Slain by a vampire bat

Illustrated notes

Levels and vault maps discovered:
D:1:      zelgadis_glass_arrival_small, layout_rooms, minmay_misc_feat_room,
          minivault_24
D:2:      layout_basic, serial_shops, nicolae_shop_overgrown_old_shop, shop,
          nicolae_shop_just_a_little_nook, shop, minmay_quantized, uniq_jessica
D:3:      layout_loops_ring, nicolae_ecumenical_snake_handling, goddamned_bats,
          uniq_ijyb

Skill      XL: |  1  2  3  4  5 |
---------------+----------------+-----
Fire Magic     | 3 4 |  4.1
Spellcasting   | 3 4 |  4.5
Fighting       | 1 2 |  2.4
Maces & Flails | 1 |  1.5
Dodging        | |  1.7
Stealth        | |  1.4
Conjurations   | |  0.8

Action                     |  1- 3 |  4- 6 || total
---------------------------+-------+-------++-------
  Melee: Unarmed           |     9 |     6 ||    15
         Headbutt          |     1 |     4 ||     5
         Club              |       |    44 ||    44
         Punch             |       |     1 ||     1
   Cast: Foxfire           |    86 |    61 ||   147
         Scorch            |       |    13 ||    13
    Use: Potion            |       |     2 ||     2
         Scroll            |       |     4 ||     4
 Armour: Robe              |    18 |   123 ||   141
         Skin              |       |    35 ||    35
  Dodge: Dodged            |    16 |    73 ||    89
